Description

Notes for myself. Only need 12-14 scvs to keep churning reapers. 6 on gas, at least 6 on minerals. Immediately send 2 scvs across the map the proxy the first two barracks. The 3rd build in the main. Build the bunker across the map.

Replay - Decent proxy 2 rax mass reapers cheese

Build Order

Get SALT Encoding   

  12  0:01  SCV  
  13  0:19  SCV, Supply Depot  
  14  0:44  Barracks  
  14  0:51  Barracks  
  15  1:09  Barracks  
  15  1:10  Refinery  
  15  1:15  Refinery  
  16  2:10  Orbital Command  
  16  2:17  Supply Depot  
  16  2:21  Reaper x2  
  18  2:27  Reaper  
  19  2:49  Bunker  
  19  2:54  Reaper  
  20  3:08  Reaper x2  
  22  3:26  Reaper  supply?
  23  3:40  Reaper x2  begin scvs?, supply depot?
  25  4:10  Factory  
  31  4:54  Starport  make scvs
Spawning Tool Build Advisor. Get it on Overwolf

Go to:

Details

  • Created by: DeadlyPants
  • Published on: Jul 31, 2020
  • Modified on: Jul 31, 2020
  • Patch: 4.11.0
  • Difficulty: Easy
Show
View Real Time Build Order
Export as new Build Order

Comments (0)

There are no comments. Be the first!

Create an account to comment!